 Dungeon Crawl Stone Soup version 0.19.1 (webtiles) character file.

7868 Slime the Grappler (level 11, -8/92 HPs)
             Began as a Ghoul Monk on Dec 24, 2016.
             Was a High Priest of Okawaru.
             Mangled by an orc knight
             ... wielding a +0 dire flail
              (14 damage)
             ... on level 2 of the Orcish Mines.
             The game lasted 00:29:12 (7236 turns).

Slime the Grappler (Ghoul Monk)                     Turns: 7236, Time: 00:29:13

Health: -8/92      AC: 29    Str: 29    XL:     11   Next: 22%
Magic:  8/14       EV: 12    Int:  5    God:    Okawaru [*****.]
Gold:   572        SH:  9    Dex: 12    Spells: 0 memorised, 10 levels left

rFire  x . .     SeeInvis .       - Unarmed
rCold  + + .     Gourm    .     w - +2 plate armour {rPois}
rNeg   + + +     Faith    .     A - +3 buckler of Fallacy {Str+6}
rPois  ∞         Spirit   .     y - +0 helmet
rElec  .         Reflect  .     d - +0 cloak
rCorr  .         Harm     .     (no gloves)
MR     .....                    (no boots)
Stlth  ..........               (no amulet)
                                s - ring of ice
                                q - ring of Robustness {AC+8}

@: mighty, heroism, finesse, rotting
A: rotting body, claws 1, carnivore 3, cold resistance 1, negative energy
resistance 3, slow regeneration 1, torment resistance, unbreathing
a: Heroism, Finesse, Renounce Religion


You were on level 2 of the Orcish Mines.
You worshipped Okawaru.
Okawaru was extremely pleased with you.
You were not hungry.

You visited 4 branches of the dungeon, and saw 13 of its levels.
You also visited: Sewer.

You collected 812 gold pieces.
You spent 240 gold pieces at shops.

Inventory:

Hand Weapons
 i - a +0 shortbow of flaming
 H - a cursed -1 shortbow
Missiles
 G - 21 arrows
Armour
 a - a +0 robe
 d - a +0 cloak (worn)
 g - a +1 plate armour
 o - a +0 pair of gloves
 w - a +2 plate armour of poison resistance (worn)
 y - a +0 helmet (worn)
 A - the +3 buckler of Fallacy (worn) {Str+6}
   (Okawaru gifted it to you on level 1 of the Orcish Mines)

   It affects your strength (+6).
Jewellery
 k - a cursed amulet of inaccuracy
 m - an uncursed ring of positive energy
 q - the ring of Robustness (left claw) {AC+8}
   (You found it on level 4 of the Dungeon)

   [ring of protection]

   It affects your AC (+8).
 s - a ring of ice (right claw)
 v - an uncursed ring of magical power
Wands
 l - a wand of confusion (41/48)
 r - a wand of slowing (19/48)
 t - a wand of lightning (6/15)
 D - a wand of acid (4/15)
Scrolls
 c - 3 scrolls of remove curse
 e - 3 scrolls of recharging
 j - 7 scrolls of teleportation
 B - a scroll of identify
 C - a scroll of amnesia
 F - a scroll of fog
Potions
 h - 3 potions of curing
 n - a potion of mutation {unknown}
 p - 2 potions of flight
 z - a potion of brilliance
 E - a potion of haste
Comestibles
 b - 2 meat rations
 f - 7 beef jerkies


   Skills:
 - Level 7.1(12.1) Fighting
 - Level 8.8(13.8) Armour
 - Level 2.6(7.6) Dodging
 - Level 2.4(7.4) Stealth
 + Level 4.6(9.6) Shields
 - Level 11.5(16.5) Unarmed Combat
 - Level 6.1 Invocations


You had 10 spell levels left.
You didn't know any spells.

Dungeon Overview and Level Annotations

Branches:
Dungeon (9/15)             Temple (1/1) D:6            Lair (0/6) D:9
    Orc (2/2) D:9             Elf (1/3) Orc:2

Altars:
Fedhas
Makhleb
Nemelex Xobeh
Okawaru
Qazlal
Sif Muna
Trog
Uskayaw
Yredelemnul
Zin
The Shining One
Beogh

Shops:
D:6 !   D:8 %!=


Innate Abilities, Weirdness & Mutations

Your body is rotting away.
You thrive on raw meat.
You are immune to poison.
You have sharp fingernails.
You are carnivorous and can eat meat at any time.
Your flesh is cold resistant. (rC+)
You are immune to negative energy. (rN+++)
You regenerate slowly when monsters are visible.
You are immune to unholy pain and torment.
You can survive without breathing.


Message History

Okawaru accepts your kill.
Reactivating autopickup.
You feel a bit more experienced.
The orc warrior no longer looks unusually strong.
You block the orc knight's attack. You block the orc priest's attack.
The orc warrior hits you but does no damage.
The orc knight hits you but does no damage.
The orc warrior closely misses you. The orc barely misses you.
You block the warg's attack.
Items here: )) [ † a dagger; a robe; a giant club; an ogre corpse You claw the warg!
The warg is heavily wounded.
The orc priest begins to cast a cantrip, but forgets the words!
The orc warrior hits you with a trident!
* * * LOW HITPOINT WARNING * * *
The warg closely misses you.
The orc knight hits you with a dire flail!
You die...

##.......$ .....$..$ ..
#........#. ......... ...
##...o...... #.......#### ....
##........... #.......#..##....
oo..<...(....##....$.<...$...$.
$o................#..[.........
.o............[oo.##...$....<..
.....#.#......ooho#.#...$......
o...#####.....)o@ho..#......#..
.... #......oo4).###.#..#...
...# #.......##.### #.#### #$
#.. ##.#...$#### ### # ##$###
##


You could see 2 orc knights, a hellwing, 2 wargs, an orc sorcerer, 3 orc
warriors, an orc priest and 2 orcs.

Vanquished Creatures
  An orc knight (Orc:2)
  A deep elf mage (Elf:1)
  An orc sorcerer (Orc:1)
  Maurice (Orc:1)
  Grinder (D:3)
  A troll (Orc:1)
  6 yaks (D:8)
  The ghost of Cyber the Skirmisher, an amateur MiFi (D:3)
  A hungry ghost (D:8)
  3 wargs (Orc:1)
  2 hell hounds (D:9)
  6 orc warriors (Orc:1)
  2 phantoms
  A necrophage (D:6)
  3 sky beasts
  11 ogres
  5 centaurs
  A big kobold (Sewer)
  4 bullfrogs
  2 scorpions
  3 wights (D:7)
  5 howler monkeys
  A bullfrog zombie (D:9)
  3 hounds
  2 bullfrog skeletons
  4 orc priests
  3 jellies
  6 orc wizards
  An iguana (D:6)
  4 worker ants
  A hound zombie (D:7)
  A hound skeleton (D:7)
  A howler monkey zombie (D:9)
  3 gnolls (D:9)
  9 adders
  A river rat (Sewer)
  3 shadow imps
  3 oozes
  An adder skeleton (D:7)
  2 worms
  6 leopard geckos
  36 orcs
  5 giant cockroaches
  6 goblins
  4 hobgoblins
  15 jackals
  3 quokkas
  A ball python (D:5)
  12 bats
  8 frilled lizards
  A jackal skeleton (D:8)
  10 kobolds
  2 leopard gecko skeletons
  6 rats
226 creatures vanquished.

Notes
Turn   | Place    | Note
-------+----------+-------------------------------------------
     0 | D:1      | Slime the Ghoul Monk began the quest for the Orb.
     0 | D:1      | Reached XP level 1. HP: 19/19 MP: 0/0
    41 | D:1      | Reached XP level 2. HP: 21/26 MP: 1/1
    78 | D:1      | Reached skill level 4 in Unarmed Combat
   166 | D:1      | Found a glowing golden altar of the Shining One.
   587 | D:1      | Reached skill level 1 in Armour
   670 | D:2      | Reached XP level 3. HP: 11/30 MP: 2/2
   899 | D:2      | Found a blossoming altar of Fedhas.
   962 | D:2      | Reached XP level 4. HP: 15/38 MP: 3/3
  1203 | D:2      | Found a glowing silver altar of Zin.
  1285 | D:3      | Found a glowing drain.
  1304 | D:3      | Noticed Grinder
  1316 | D:3      | Paralysed by Grinder for 6 turns
  1334 | D:3      | Paralysed by Grinder for 2 turns
  1364 | D:3      | Killed Grinder
  1364 | D:3      | Reached skill level 5 in Armour
  1364 | D:3      | Reached XP level 5. HP: 12/45 MP: 4/4
  1364 | D:3      | Reached XP level 6. HP: 14/51 MP: 5/5
  1423 | Sewer    | Entered a sewer
  1575 | Sewer    | Found a white marble altar of Elyvilon.
  1679 | D:3      | Noticed Cyber's ghost (amateur MiFi)
  1805 | D:3      | Killed Cyber's ghost
  1805 | D:3      | Reached XP level 7. HP: 29/57 MP: 6/6
  2641 | D:4      | Reached skill level 5 in Unarmed Combat
  2780 | D:5      | Entered Level 5 of the Dungeon
  2865 | D:5      | Found a bloodstained altar of Trog.
  3034 | D:5      | Reached skill level 6 in Unarmed Combat
  3034 | D:5      | Reached XP level 8. HP: 33/63 MP: 7/7
  3147 | D:5      | Reached skill level 7 in Unarmed Combat
  3610 | D:6      | Found Ujeto's Distillery.
  3644 | D:6      | Bought a potion of curing for 30 gold pieces
  3644 | D:6      | Bought a potion of heal wounds for 50 gold pieces
  3644 | D:6      | Bought a potion of curing for 30 gold pieces
  3760 | D:6      | Reached skill level 5 in Fighting
  3949 | D:6      | Found a staircase to the Ecumenical Temple.
  3956 | Temple   | Entered the Ecumenical Temple
  3976 | Temple   | Became a worshipper of Warmaster Okawaru
  3976 | Temple   | Reached * piety under Okawaru
  3976 | Temple   | Reached ** piety under Okawaru
  4015 | D:6      | Reached XP level 9. HP: 51/79 MP: 8/8
  4745 | D:7      | Reached skill level 5 in Invocations
  5233 | D:8      | Reached skill level 8 in Unarmed Combat
  5259 | D:8      | Reached *** piety under Okawaru
  5341 | D:8      | Found Fip Hucw's Distillery.
  5350 | D:8      | Reached skill level 9 in Unarmed Combat
  5365 | D:8      | Reached XP level 10. HP: 57/85 MP: 13/13
  5369 | D:8      | Reached skill level 10 in Unarmed Combat
  5395 | D:8      | Reached **** piety under Okawaru
  5412 | D:8      | Bought a potion of haste for 130 gold pieces
  5427 | D:8      | Found Natuggyrph's Jewellery Emporium.
  5502 | D:8      | Found Otamel's Food Shop.
  5717 | D:8      | Reached skill level 11 in Unarmed Combat
  5834 | D:9      | Found a staircase to the Lair.
  6354 | D:9      | Found a staircase to the Orcish Mines.
  6411 | Orc:1    | Entered Level 1 of the Orcish Mines
  6499 | Orc:1    | Found a roughly hewn altar of Beogh.
  6654 | Orc:1    | Reached ***** piety under Okawaru
  6763 | Orc:1    | Noticed Maurice
  6839 | Orc:1    | HP: 4/86 [orc warrior/halberd (7)]
  6926 | Orc:1    | Noticed an orc sorcerer
  6938 | Orc:1    | Killed an orc sorcerer
  6980 | Orc:2    | Entered Level 2 of the Orcish Mines
  6980 | Orc:2    | Noticed an orc knight
  6980 | Orc:2    | Noticed an orc sorcerer
  6980 | Orc:2    | Noticed an orc knight
  7040 | Orc:1    | Killed Maurice
  7040 | Orc:1    | Received a gift from Okawaru
  7043 | Orc:1    | Got a dazzling buckler {god gift}
  7050 | Orc:1    | Identified the +3 buckler of Fallacy {Str+6} (Okawaru gifted it to you on level 1 of the Orcish Mines)
  7061 | Orc:2    | Noticed an orc knight
  7077 | Orc:1    | Reached skill level 1 in Shields
  7083 | Orc:1    | Reached XP level 11. HP: 78/92 MP: 12/14
  7183 | Orc:2    | Killed an orc knight
  7184 | Orc:2    | Found a staircase to the Elven Halls.
  7207 | Orc:2    | Paralysed by an orc sorcerer for 4 turns
  7213 | Elf:1    | Entered Level 1 of the Elven Halls
  7213 | Elf:1    | Noticed a deep elf mage
  7213 | Elf:1    | Noticed a deep elf mage
  7213 | Elf:1    | Noticed a deep elf mage
  7213 | Elf:1    | Noticed a deep elf mage
  7213 | Elf:1    | Noticed a deep elf mage
  7219 | Elf:1    | Killed a deep elf mage
  7236 | Orc:2    | Mangled by an orc knight

Skill      XL: |  1  2  3  4  5  6  7  8  9 10 11 |
---------------+----------------------------------+-----
Unarmed Combat | 4 6 7 9 11 | 11.5
Armour         | 1 2 5 6 8 |  8.8
Fighting       | 7 |  7.1
Invocations    | 6 |  6.1
Shields        | 1 4 |  4.6
Dodging        | |  2.6
Stealth        | |  2.4

Action                   |  1- 3 |  4- 6 |  7- 9 | 10-12 || total
-------------------------+-------+-------+-------+-------++-------
Melee: Unarmed           |   118 |   199 |   538 |   334 ||  1189
       Punch             |     1 |     1 |    10 |     4 ||    16
 Fire: Shortbow          |       |       |       |     2 ||     2
Invok: Heroism           |       |       |     1 |     2 ||     3
       Finesse           |       |       |       |     1 ||     1
Evoke: Wand              |       |     1 |       |       ||     1
  Use: Scroll            |     6 |       |     8 |     2 ||    16
       Potion            |       |     8 |       |     2 ||    10
 Stab: Sleeping          |     1 |       |       |       ||     1
  Eat: Chunk             |    12 |    33 |    34 |    40 ||   119
       Meat ration       |       |     1 |       |       ||     1
Armor: Robe              |     4 |       |       |       ||     4
       Plate armour      |    99 |   179 |   352 |   227 ||   857
Dodge: Dodged            |    48 |    67 |   156 |   118 ||   389
Block: Buckler           |       |       |       |    53 ||    53
